 Dungeon Crawl Stone Soup version 0.28.0-53-g5a82cb258f (webtiles) character file.

Game seed: 14914188629502147523

3939 nicanaca0 the Basher (level 10, -5/90 HPs)
             Began as a Minotaur Berserker on Apr 22, 2022.
             Was an Elder of Trog.
             Killed by divine providence
             ... invoked by a meliai
              (12 damage)
             ... on level 8 of the Dungeon on June 15, 2022.
             The game lasted 00:14:36 (7249 turns).

nicanaca0 the Basher (Minotaur Berserker)           Turns: 7249, Time: 00:14:36

Health: -5/90      AC: 16    Str: 27    XL:     10   Next: 1%
Magic:  9/9        EV:  8    Int:  8    God:    Trog [****..]
Gold:   281        SH:  8    Dex: 11    Spells: 9/9 levels left

rFire   . . .      SeeInvis .   q - +1 whip (vamp)
rCold   + . .      Faith    .   y - +0 buckler
rNeg    . . .      Spirit   .   s - +0 plate armour
rPois   .          Reflect  +   (helmet restricted)
rElec   .          Harm     .   (no cloak)
rCorr   .          Rampage  .   b - +0 pair of gloves
Will    .....                   g - +0 pair of boots
Stlth   ..........              f - amulet of reflection
HPRegen 0.25/turn               d - ring of protection from cold
MPRegen 0.11/turn               A - +6 ring of strength

@: mighty
A: horns 2, retaliatory headbutt
a: Renounce Religion, Berserk, Trog's Hand, Brothers in Arms


You were on level 8 of the Dungeon.
You worshipped Trog.
Trog was greatly pleased with you.
You visited 1 branch of the dungeon, and saw 8 of its levels.

You collected 451 gold pieces.
You spent 170 gold pieces at shops.

Inventory:

Hand Weapons
 a - a +0 mace
 q - a +1 vampiric whip (weapon)
 B - a +0 mace of venom
Missiles
 l - 12 poisoned darts (quivered)
 p - 5 boomerangs
 v - a curare-tipped dart
Armour
 b - a +0 pair of gloves (worn)
 g - a +0 pair of boots (worn)
 s - a +0 plate armour (worn)
 y - a +0 buckler (worn)
Jewellery
 d - a ring of protection from cold (left hand)
 f - an amulet of reflection (around neck)
 n - a ring of flight
 A - a +6 ring of strength (right hand)
Wands
 z - a wand of flame (26)
Scrolls
 i - a scroll of teleportation
 k - a scroll of blinking
 r - 2 scrolls of summoning
 u - a scroll of fear
 x - 2 scrolls of identify {@r1}
Potions
 c - 4 potions of magic
 e - 2 potions of flight
 h - 2 potions of resistance
 j - 2 potions of mutation
 m - 2 potions of attraction
 t - 3 potions of curing {@q1}
 w - a potion of cancellation


   Skills:
 + Level 8.9 Fighting
 * Level 13.2 Maces & Flails
 + Level 8.5 Armour
 - Level 2.4 Dodging


You had 9 spell levels left.
You didn't know any spells.
Your spell library was empty.

Dungeon Overview and Level Annotations

Branches:
Dungeon (8/15)             Temple (0/1) D:7
   Lair: D:8-11

Altars:
Dithmenos
Fedhas
Hepliaklqana
Makhleb
Nemelex Xobeh
Okawaru
Qazlal
Ru
Sif Muna
Trog
Vehumet
Xom
Zin

Shops:
D:1 [[?   D:6 ??*

Annotations:
D:8 Grum


Innate Abilities, Weirdness & Mutations

You have a pair of horns on your head.
You reflexively headbutt those who attack you in melee.


Message History

There are monsters nearby!
There are monsters nearby!
The meliai invokes the aid of its god against you.
Something smites you! The wolf barely misses you. You block the wolf's attack.
An orc wizard comes into view. It is wielding a +0 dagger.
Grum shouts, "Spike!
Good boy!"
The orc wizard shouts!
You hear a howl!
There are monsters nearby!
You hit the wolf.
You feel better.
Your headbutt misses the wolf.
The wolf is lightly wounded.
The wolf bites you.
A warg comes into view.
There are monsters nearby!
You feel the effects of Trog's Hand fading.
The meliai hits you with a +0 hand axe! You block the meliai's attack.
The meliai hits you but does no damage.
The meliai stings you but does no damage.
The wolf bites you but does no damage. x2
There is an open door, spattered with blood here.
The meliai calls down the wrath of its god upon you.
Something smites you! You block the meliai's attack.
The meliai barely misses you. The meliai hits you but does no damage.
You block the meliai's attack.
The meliai invokes the aid of its god against you.
Something smites you!
An orc warrior comes into view. It is wielding a +0 war axe.
You hear a shout!
Your skin stops crawling.
You feel less strong-willed.
The meliai invokes the aid of its god against you.
Something smites you! The meliai hits you with a +0 hand axe.
The meliai closely misses you.
The meliai invokes the aid of its god against you.
Something smites you!
* * * LOW HITPOINT WARNING * * *
The meliai mumbles some strange prayers to its god against you.
Something smites you!
* * * LOW HITPOINT WARNING * * *
The meliai invokes the aid of its god against you.
Something smites you!
You die...

#########...#####################
##................ ....
#........########## ####
#.<......#........#
#....<...#........######
#.....)..'........'.....
#######'##........######
#.##........# .####
#@##........###### #....
#.##.............. #.....
####y########........
#....g###..yy.#..............
#.......#.....#..............
####...#.h...#..............
..h.....g.....#..............
...o...o#.....#..............
........#.....#..............


You could see 3 meliai and a wolf.

Vanquished Creatures
  Erica (D:8)
  Pikel (D:7)
  Psyche (D:8)
  Grinder (D:4)
  Sigmund (D:4)
  2 ice beasts
  A sky beast (D:8)
  A necrophage (D:5)
  A black bear (D:6)
  2 ogres
  A phantom (D:5)
  2 centaurs
  A bullfrog (D:6)
  A kobold brigand (D:6)
  4 scorpions
  A water moccasin zombie (D:6)
  A water moccasin skeleton (D:6)
  5 wights (D:5)
  A howler monkey (D:7)
  A bullfrog zombie (D:3)
  A crimson imp (D:5)
  2 hounds
  2 jellies
  A bullfrog skeleton (D:6)
  An orc priest (D:3)
  2 centaur skeletons (D:7)
  3 iguanas
  2 orc wizards
  A hound zombie (D:5)
  A hound skeleton (D:4)
  A howler monkey zombie (D:3)
  6 gnolls
  3 howler monkey skeletons
  3 adders
  A shadow imp (D:6)
  A white imp (D:6)
  3 worms
  3 dart slugs
  25 orcs
  6 bats
  12 endoplasms
  6 giant cockroaches
  8 goblins
  6 hobgoblins
  7 jackals
  4 quokkas
  6 ball pythons
  3 frilled lizards
  11 kobolds
  A quokka skeleton (D:4)
  8 rats
  A spectral goblin (D:1)
171 creatures vanquished.

Notes
Turn   | Place    | Note
-------+----------+-------------------------------------------
     0 | D:1      | nicanaca0 the Minotaur Berserker began the quest for the
                  | Orb.
     0 | D:1      | Reached XP level 1. HP: 19/19 MP: 0/0
   149 | D:1      | Found Zekhaim's Armour Emporium.
   246 | D:1      | Found Qeynget's Antique Armour Shop.
   348 | D:1      | Reached XP level 2. HP: 27/27 MP: 1/1
   414 | D:1      | Upgraded the game from 0.28.0-45-g0d030f2227 to
                  | 0.28.0-53-g5a82cb258f
   421 | D:1      | Reached skill level 4 in Maces & Flails
   642 | D:1      | Found a faded altar of an unknown god.
   724 | D:1      | Found Geuc's Magic Scroll Shoppe.
   732 | D:1      | Bought a scroll of identify for 20 gold pieces
  1064 | D:2      | Reached ** piety under Trog
  1084 | D:2      | Reached XP level 3. HP: 33/33 MP: 2/2
  1146 | D:2      | Found a bloodstained altar of Trog.
  1438 | D:2      | Reached skill level 5 in Maces & Flails
  2162 | D:2      | Reached XP level 4. HP: 38/40 MP: 3/3
  2533 | D:3      | Found a blossoming altar of Fedhas.
  2619 | D:3      | Found a large runed translucent door.
  2619 | D:3      | Found a large runed translucent door.
  2621 | D:3      | Found a shimmering altar of Xom.
  2774 | D:3      | Found a sparkling altar of Nemelex Xobeh.
  2777 | D:3      | Reached skill level 6 in Maces & Flails
  2788 | D:3      | Found a stormy altar of Qazlal.
  2827 | D:3      | Found a hazy altar of Hepliaklqana.
  2832 | D:3      | Found a shadowy altar of Dithmenos.
  2832 | D:3      | Noticed a shadow
  3000 | D:3      | Reached XP level 5. HP: 35/46 MP: 4/4
  3014 | D:3      | Reached *** piety under Trog
  3120 | D:3      | Reached skill level 7 in Maces & Flails
  3196 | D:3      | Found a sacrificial altar of Ru.
  3377 | D:3      | Found a shimmering blue altar of Sif Muna.
  3581 | D:4      | Reached XP level 6. HP: 52/52 MP: 5/5
  3584 | D:4      | Noticed Sigmund
  3602 | D:4      | Killed Sigmund
  3603 | D:4      | Reached skill level 8 in Maces & Flails
  3769 | D:4      | Noticed Grinder
  3804 | D:4      | Paralysed by Grinder for 4 turns
  3812 | D:4      | Killed Grinder
  3813 | D:4      | Reached skill level 5 in Fighting
  3813 | D:4      | Reached XP level 7. HP: 54/61 MP: 6/6
  3893 | D:4      | Found an iron altar of Okawaru.
  3995 | D:4      | Found a shimmering altar of Xom.
  4193 | D:5      | Entered Level 5 of the Dungeon
  4199 | D:5      | Reached skill level 9 in Maces & Flails
  4211 | D:5      | Reached skill level 5 in Armour
  4412 | D:5      | Reached XP level 8. HP: 66/70 MP: 7/7
  4769 | D:5      | Reached skill level 10 in Maces & Flails
  5087 | D:5      | Found a glowing silver altar of Zin.
  5133 | D:5      | Found a radiant altar of Vehumet.
  5134 | D:5      | Found a burning altar of Makhleb.
  5288 | D:6      | Reached **** piety under Trog
  5289 | D:6      | Reached skill level 11 in Maces & Flails
  5338 | D:6      | Found Ineunint's Assorted Antiques.
  5355 | D:6      | Bought a shiny ivory ring for 150 gold pieces
  5400 | D:6      | Found Haned's Magic Scroll Shoppe.
  5489 | D:6      | Reached XP level 9. HP: 63/79 MP: 8/8
  5669 | D:6      | Found Radecu's Magic Scroll Shoppe.
  5971 | D:7      | Noticed Pikel
  5992 | D:7      | Killed Pikel
  5993 | D:7      | Reached skill level 12 in Maces & Flails
  6281 | D:7      | Found a staircase to the Ecumenical Temple.
  7071 | D:8      | Noticed Erica
  7084 | D:8      | Killed Erica
  7085 | D:8      | Reached skill level 13 in Maces & Flails
  7160 | D:8      | Noticed Psyche
  7225 | D:8      | Killed Psyche
  7226 | D:8      | Reached XP level 10. HP: 89/90 MP: 9/9
  7240 | D:8      | Noticed Grum
  7249 | D:8      | Killed from afar by a meliai

Illustrated notes

Levels and vault maps discovered:
D:1:      dpeg_arrival_boxes_within_box, layout_basic, serial_shops, shop,
          nicolae_shop_hallway_stairs, nicolae_shop_statue_plus,
          dreamdust_ecumenical_altar_drowned_temple
D:2:      layout_loops_corners, basic_altar, minmay_between
D:3:      due_chaos_kobolds, layout_loops_ring,
          riverfiend_overflow_shadow_ancestor, mainiacjoe_overflow_boulevard,
          nicolae_ru_the_path_less_chosen, lemuel_coloured_pillars_altar,
          jmf_multi_god_temple, minmay_misc_feat_chi
D:4:      layout_cave_pools, mainiacjoe_overflow_24_doors,
          mainiacjoe_overflow_chevrons, uniq_sigmund, uniq_grinder
D:5:      layout_basic, mainiacjoe_overflow_alcove_4,
          grunt_temple_overflow_lords_of_destruction, serial_bayou_pond_e,
          kennysheep_potato
D:6:      layout_rooms, serial_shops, shop, shop_statue, shop
D:7:      layout_loops_corners, minmay_temple_entry_statues_fountains,
          minmay_misc_feat_enclosed, chequers_serial_rivers_small_b, uniq_pikel
D:8:      layout_basic, erik_lair_orcish_takeover, uniq_erica, uniq_grum,
          uniq_psyche

Skill      XL: |  1  2  3  4  5  6  7  8  9 |
---------------+----------------------------+-----
Maces & Flails | 4 5 6 7 8 9 11 13 | 13.2
Fighting       | 4 5 6 7 8 |  8.9
Armour         | 3 4 5 6 8 |  8.5
Dodging        | |  2.4

Action                   |  1- 3 |  4- 6 |  7- 9 | 10-12 || total
-------------------------+-------+-------+-------+-------++-------
Melee: Mace              |    98 |    54 |       |       ||   152
       Headbutt          |    18 |    23 |    92 |       ||   133
       Punch             |     2 |     4 |     6 |       ||    12
       Whip              |       |    80 |   385 |     1 ||   466
Throw: Boomerang         |       |     7 |       |       ||     7
       Dart              |       |       |     1 |       ||     1
Invok: Berserk           |       |     2 |     1 |       ||     3
       Trog's Hand       |       |     2 |     3 |       ||     5
  Use: Scroll            |       |     4 |    10 |       ||    14
 Stab: Fleeing           |       |       |     1 |       ||     1
Armor: Animal skin       |    10 |     1 |       |       ||    11
       Ring mail         |       |    19 |    32 |       ||    51
       Plate armour      |       |       |    66 |     5 ||    71
Dodge: Dodged            |    53 |    54 |    89 |     3 ||   199
Block: Other             |    21 |    19 |    34 |       ||    74
       Reflection        |       |     1 |     4 |       ||     5
       Buckler           |       |       |    35 |     4 ||    39
